 Dungeon Crawl Stone Soup version 0.32-a0-306-gfed3edf829 (webtiles) character file.

Game seed: 6958825771905806049

137 promet the Covered (level 5, -1/46 HPs)
             Began as a Mountain Dwarf Fighter on Feb 14, 2024.
             Was an Initiate of Cheibriados.
             Slain by a killer bee (3 damage)
             ... on level 4 of the Dungeon.
             The game lasted 00:11:49 (2557 turns).

promet the Covered (Mountain Dwarf Fighter)         Turns: 2557, Time: 00:11:50

Health: -1/46      AC: 13    Str: 21    XL:     5   Next: 0%
Magic:  5/5        EV:  9    Int: 10    God:    Cheibriados [......]
Gold:   89         SH:  0    Dex: 10    Spells: 4/4 levels left

rFire   . . .        a - +0 war axe
rCold   . . .        l - orb {*Rage}
rNeg    . . .        b - +0 scale mail
rPois   +            v - +2 hat
rElec   .            (no cloak)
rCorr   .            (no gloves)
SInv    .            (no boots)
Will    .....        (no amulet) Stlth
                     i - +4 ring of protection
HPRegen 0.27/turn    j - ring of poison resistance
MPRegen 0.09/turn

%: random rage (20%)
@: mighty, lethally poisoned (-1 -> -9), on berserk cooldown, attractive,
slowed, very slow
A: runic magic, artefact enchanting
a: Renounce Religion


You were on level 4 of the Dungeon.
You worshipped Cheibriados.
Cheibriados was noncommittal.
You visited 1 branch of the dungeon, and saw 4 of its levels.

You collected 89 gold pieces.

Inventory:

Hand Weapons
 a - a +0 war axe (weapon)
 c - a +0 trident
 t - a +2 dagger of holy wrath
Missiles
 e - 40 stones (quivered)
 g - 2 curare-tipped darts
Armour
 b - a +0 scale mail (worn)
 l - an orb of wrath (worn)
 u - a +0 buckler
 v - a +2 hat (worn)
Magical Staves
 h - a staff of conjuration
Jewellery
 i - a +4 ring of protection (left hand)
 j - a ring of poison resistance (right hand)
 n - a +6 ring of intelligence
Talismans
 A - a flux talisman
Wands
 p - a wand of flame (11)
Scrolls
 q - a scroll of vulnerability {unknown}
 r - a scroll of immolation {unknown}
 s - a scroll of revelation {unknown}
 y - a scroll of teleportation {unknown}
Potions
 f - a potion of lignification
 k - a potion of degeneration {unknown}
 o - a potion of magic {unknown}
 w - a potion of curing {unknown}
 x - a potion of mutation {unknown}
 z - a potion of heal wounds {unknown}


   Skills:
 * Level 4.2 Fighting
 + Level 3.8 Axes
 + Level 4.3 Armour
 + Level 0.5 Dodging
 + Level 3.8 Shields


You had 4 spell levels left.
You didn't know any spells.
Your spell library contained the following spells:

 Spells                   Type           Power      Damage    Failure   Level
 Freeze                   Ice            0%         1d3       43%         1
 Frozen Ramparts          Ice            0%         1d1       82%         3
 Hailstorm                Conj/Ice       0%         3d5       82%         3


Dungeon Overview and Level Annotations

Branches:
Dungeon (4/15)
 Temple: D:4-7

Altars:
Cheibriados
Dithmenos
Hepliaklqana
Vehumet
Beogh

Annotations:
D:3 exclusion: statue


Innate Abilities, Weirdness & Mutations

Your spellcasting is much less encumbered by armour.
You can use scrolls of enchantment on lesser artefacts.


Message History

You closely miss the killer bee. x2; The killer bee barely misses you.
The killer bee stings you but does no damage.
The killer bee barely misses you. The killer bee closely misses you.
The killer bee stings you but does no damage. x2
The killer bee stings you.
You are poisoned.
The killer bee poisons you! The killer bee barely misses you.
The killer bee stings you but does no damage.
You slash the killer bee!
The killer bee is almost dead.
You miss the killer bee. x2; You feel sick.
The killer bee barely misses you. The killer bee stings you.
The killer bee barely misses you.
The killer bee stings you but does no damage.
The killer bee barely misses you. The killer bee stings you.
You are more poisoned.
The killer bee poisons you!
The killer bee stings you but does no damage. x5
The killer bee stings you.
You feel very mighty all of a sudden.
You feel very sick. The killer bee barely misses you.
The killer bee stings you.
* * * LOW HITPOINT WARNING * * *
The killer bee stings you but does no damage.
The killer bee stings you.
* * * LOW HITPOINT WARNING * * *
The killer bee closely misses you.
The killer bee stings you but does no damage.
The killer bee misses you.
The killer bee stings you but does no damage.
The killer bee stings you.
* * * LOW HITPOINT WARNING * * *
It was a potion of attraction.
You feel attractive to monsters.
* * * LOW HITPOINT WARNING * * *
You feel very sick. The killer bee misses you.
The killer bee barely misses you.
The killer bee stings you but does no damage.
The killer bee barely misses you. The killer bee stings you.
You die...
Cheibriados appreciates the motionlessness of death.

#. # #. #.#.
#.#.## ....# #..#
+## #..#####....#
#y@y.<.......
#....#y####......
#......# .....
#!...... ....
#.......# ...
#.#.#?#.# .. #
#.###.# . # #.#


You could see 3 killer bees.

Vanquished Creatures
  An orc wizard (D:3)
  2 adders
  2 dart slugs
  3 ribbon worms
  4 orcs (D:3)
  5 ball pythons
  3 endoplasms
  5 giant cockroaches
  3 hobgoblins
  2 kobolds (D:2)
  3 quokkas
  3 bats
  3 frilled lizards
  3 goblins
  4 rats
46 creatures vanquished.

Notes
Turn   | Place    | Note
-------+----------+-------------------------------------------
     0 | D:1      | promet the Mountain Dwarf Fighter began the quest for the
                  | Orb.
     0 | D:1      | Reached XP level 1. HP: 19/19 MP: 1/1
   252 | D:1      | Reached XP level 2. HP: 26/26 MP: 2/2
   468 | D:1      | Found a roughly hewn altar of Beogh.
   525 | D:1      | Found a faded altar of an unknown god.
   669 | D:1      | Reached XP level 3. HP: 26/33 MP: 3/3
  1492 | D:2      | Upgraded the game from 0.32-a0-290-g598725c5f2 to
                  | 0.32-a0-306-gfed3edf829
  1498 | D:2      | You fall into a shaft and drop 1 floor!
  1548 | D:3      | Reached XP level 4. HP: 40/40 MP: 4/4
  1590 | D:3      | Found a radiant altar of Vehumet.
  1592 | D:3      | Noticed a charred statue
  1829 | D:3      | Found a snail-covered altar of Cheibriados.
  1854 | D:3      | Became a worshipper of Cheibriados the Contemplative
  2156 | D:3      | Found a faded altar of an unknown god.
  2161 | D:3      | Found a hazy altar of Hepliaklqana.
  2163 | D:3      | Found a faded altar of an unknown god.
  2202 | D:3      | Found a shadowy altar of Dithmenos.
  2547 | D:4      | Reached XP level 5. HP: 46/46 MP: 5/5
  2557 | D:4      | HP: 2/46 [poisoned by a killer bee]
  2557 | D:4      | Slain by a killer bee

Illustrated notes

Levels and vault maps discovered:
D:1:      minmay_arrival_radiant_lines, layout_basic,
          hellmonk_ecumenical_altar_defaced_shrine
D:2:      layout_loops_ring
D:3:      layout_basic, mainiacjoe_overflow_boulevard,
          nicolae_overflow_hidden_temple, vehumet_statue,
          nicolae_hepliaklqana_ecumenical_no_more,
          chequers_serial_rivers_small_3
D:4:      layout_loops_corners, kennysheep_mini_moat,
          minmay_temple_entry_enclosed_plants, uniq_duvessa

Skill      XL: |  1  2  3  4 |
---------------+-------------+-----
Axes           | 3 |  3.8
Armour         | 4 |  4.3
Fighting       | 4 |  4.2
Dodging        | |  0.5
Shields        | |  3.8

Action                     |  1- 3 |  4- 6 || total
---------------------------+-------+-------++-------
  Melee: War axe           |    86 |    36 ||   122
    Use: Scroll            |     3 |       ||     3
         Potion            |       |     2 ||     2
 Armour: Scale mail        |    68 |    53 ||   121
  Dodge: Dodged            |    47 |    33 ||    80
  Block: Buckler           |    23 |       ||    23

Table legend: (Time is in decaauts)
 A = Elapsed time spent in this place.
 B = Non-inter-level travel time spent in this place.
 C = Inter-level travel time spent in this place.
 D = Time resting spent in this place.
 E = Time spent auto-exploring this place.
 F = Levels seen in this place.
 G = Mean time per level.
                   A        B        C        D        E       F      G
               +--------+--------+--------+--------+--------+-----+--------+
         Total |   2841 |   2786 |     55 |    441 |   1221 |   4 |  710.2 |
       Dungeon |   2841 |   2786 |     55 |    441 |   1221 |   4 |  710.2 |
               +--------+--------+--------+--------+--------+-----+--------+

Top non-repeatable levels by time:
     D:3: 1287 daAuts
     D:1: 1039 daAuts
     D:2: 488 daAuts
     D:4: 26 daAuts
